 Dungeon Sprint DCSS version 0.26-a0-835-g8259106e14 (webtiles) character file.

Game seed: 13761951139024868361

2507 rocky1 the Thaumaturge (level 9, -22/52 HPs)
             Began as a Deep Elf Ice Elementalist on Nov 18, 2020.
             Was a High Priest of Sif Muna.
             Killed from afar by an eidolon (43 damage)
             ... with a bolt of negative energy
             ... in the Dungeon (Sprint VII: "The Pits").
             The game lasted 00:11:04 (1535 turns).

rocky1 the Thaumaturge (Deep Elf Ice Elementalist)  Turns: 1535, Time: 00:11:04

Health: -22/52     AC: 10    Str:  5    XL:     9   Next: 28%
Magic:  0/26       EV: 20    Int: 24    God:    Sif Muna [*****.]
Gold:   0          SH:  0    Dex: 18    Spells: 15/30 levels left

rFire    . . .     SeeInvis .   m - +0 quarterstaff (protect)
rCold    . . .     Faith    .   (shield currently unavailable)
rNeg     . . .     Spirit   .   r - +0 leather armour
rPois    .         Reflect  .   (no helmet)
rElec    .         Harm     .   (no cloak)
rCorr    .         Rampage  .   (no gloves)
MR       .....     NoTele   +   (no boots)
Stlth    +++.......             (no amulet)
HPRegen  0.17/turn              l - +3 ring of evasion
MPRegen  0.20/turn              n - +3 ring of dexterity

@: icy armour, afraid, berserk cooldown, slowed, heavily drained, very slow
A: no striking features
a: Channel Magic, Forget Spell, Divine Exegesis, Renounce Religion


You were in the Dungeon.
You worshipped Sif Muna.
Sif Muna was extremely pleased with you.
You visited 1 branch

Inventory:

Hand Weapons
 m - a +0 quarterstaff of protection (weapon)
 q - a +4 quarterstaff of speed
Armour
 r - a +0 leather armour (worn)
Jewellery
 l - a +3 ring of evasion (left hand)
 n - a +3 ring of dexterity (right hand)
Scrolls
 h - a scroll of blinking
 i - 3 scrolls of remove curse
 j - 5 scrolls of amnesia
 k - a scroll of summoning
Potions
 b - 2 potions of invisibility
 c - 5 potions of curing
 d - 7 potions of heal wounds
 e - 2 potions of haste
 f - 4 potions of magic
 g - 2 potions of berserk rage
 o - 2 potions of might
 p - a potion of brilliance


   Skills:
 + Level 4.4(3.2) Fighting
 + Level 5.5(4.2) Staves
 + Level 10.5(9.0) Dodging
 - Level 7.1(5.8) Stealth
 + Level 11.4(9.9) Spellcasting
 + Level 8.4(7.0) Conjurations
 + Level 5.0(3.7) Fire Magic
 + Level 10.3(8.8) Ice Magic
 + Level 9.1(7.7) Invocations


You had 15 spell levels left.
You knew the following spells:

 Your Spells              Type           Power        Failure   Level
a - Freeze                Ice            ####         1%          1
b - Frozen Ramparts       Ice            ######       1%          3
c - Ozocubu's Armour      Ice            ######..     1%          3
d - Hailstorm             Conj/Ice       ######..     3%          4
e - Sticky Flame          Conj/Fire      #####...     10%         4

Your spell library contained the following spells:

 Spells                   Type           Power        Failure   Level
 Ice Form                 Ice/Tmut       ####....     14%         4
 Summon Ice Beast         Ice/Summ       ####....     14%         4
 Airstrike                Air            ##........   65%         4
 Animate Dead             Necr           ##........   65%         4
 Cause Fear               Hex            ##........   65%         4
 Leda's Liquefaction      Hex/Erth       ##........   65%         4


Dungeon Overview and Level Annotations

Branches:
Dungeon (1/1)

Altars:
Ashenzari
Cheibriados
Dithmenos
Elyvilon
Fedhas
Gozag
Hepliaklqana
Kikubaaqudgha
Makhleb
Nemelex Xobeh
Okawaru
Qazlal
Ru
Sif Muna
Trog
Uskayaw
Vehumet
Wu Jian
Xom
Yredelemnul
Zin
The Shining One
Beogh
Jiyva
Lugonu

Annotations:
D Terence


Message History

Casting: Hailstorm (dangerous; 2% risk of failure)
Confirm with . or Enter, or press ? or * to list all spells.
Aiming: Sticky Flame (dangerous; 6% risk of failure)
Press: ? - help, Shift-Dir - straight line, f - eidolon
Aim: an eidolon (almost destroyed, inspiring fear)
The sticky flame hits the eidolon but does no damage.
The eidolon is almost destroyed.
The eidolon closely misses you.
The eidolon hits you but does no damage.
Casting: Sticky Flame (dangerous; 6% risk of failure)
Confirm with . or Enter, or press ? or * to list all spells.
Aiming: Sticky Flame (dangerous; 6% risk of failure)
Press: ? - help, Shift-Dir - straight line, f/p - eidolon
Aim: an eidolon (almost destroyed, inspiring fear)
The sticky flame hits the eidolon but does no damage.
The eidolon is almost destroyed.
The eidolon stares piercingly at you. The bolt of negative energy hits you!!!
You feel drained.
Ouch! That really hurt!
You die...

..# s.# ######### ..#
....##..# W.#
....##..# @.#
....''..# ..#
....''..##########..#
....##..........@().#
....##...........W..#
#####################
# .### ....##


You could see an eidolon (scary).

Vanquished Creatures
  A lindwurm (D)
  A deep elf mage (D)
  Joseph (D)
  A smoke demon (D)
  A polar bear (D)
  A ynoxinul (D)
  A redback (D)
  A warg (D)
  A floating eye (D)
  A necrophage (D)
  A gnoll sergeant (D)
  A bullfrog (D)
  A scorpion (D)
  An iguana (D)
  A worker ant (D)
  An adder (D)
  An ooze (D)
  An adder zombie (D)
  An orc (D)
  A ball python (D)
  A bat (D)
  A goblin (D)
  2 jackals (D)
  A kobold (D)
  A quokka (D)
  A ball python skeleton (D)
  2 frilled lizards (D)
  A rat (D)
30 creatures vanquished.

Notes
Turn   | Place    | Note
-------+----------+-------------------------------------------
     0 | D        | rocky1 the Deep Elf Ice Elementalist began the quest for
                  | the Orb.
     0 | D        | Reached XP level 1. HP: 10/10 MP: 6/6
    44 | D        | Found a bloodstained altar of Trog.
    44 | D        | Found a shimmering blue altar of Sif Muna.
    44 | D        | Found a viscous altar of Jiyva.
    44 | D        | Found a hazy altar of Hepliaklqana.
    44 | D        | Found an opulent altar of Gozag.
    45 | D        | Found a glowing golden altar of the Shining One.
    45 | D        | Found a glowing silver altar of Zin.
    45 | D        | Found a basalt altar of Yredelemnul.
    45 | D        | Found a shimmering altar of Xom.
    45 | D        | Found an ornate altar of the Wu Jian Council.
    45 | D        | Found a sacrificial altar of Ru.
    45 | D        | Found a stormy altar of Qazlal.
    45 | D        | Found an iron altar of Okawaru.
    45 | D        | Found a sparkling altar of Nemelex Xobeh.
    45 | D        | Found a burning altar of Makhleb.
    45 | D        | Found a blossoming altar of Fedhas.
    45 | D        | Found a white marble altar of Elyvilon.
    45 | D        | Found a shadowy altar of Dithmenos.
    45 | D        | Found a snail-covered altar of Cheibriados.
    48 | D        | Found a corrupted altar of Lugonu.
    48 | D        | Found a radiant altar of Vehumet.
    48 | D        | Found a roughly hewn altar of Beogh.
    49 | D        | Found an ancient bone altar of Kikubaaqudgha.
    49 | D        | Found a hide-covered altar of Uskayaw.
    49 | D        | Found a broken altar of Ashenzari.
    50 | D        | Became a worshipper of Sif Muna the Loreminder
    73 | D        | Reached * piety under Sif Muna
    74 | D        | Reached skill level 4 in Spellcasting
    74 | D        | Reached skill level 5 in Ice Magic
    74 | D        | Reached skill level 1 in Invocations
    74 | D        | Reached XP level 2. HP: 4/15 MP: 7/9
   277 | D        | Noticed a floating eye
   288 | D        | Paralysed by a floating eye for 3 turns
   291 | D        | Killed a floating eye
   291 | D        | Reached ** piety under Sif Muna
   292 | D        | Reached skill level 5 in Dodging
   292 | D        | Reached skill level 5 in Stealth
   292 | D        | Reached skill level 5 in Spellcasting
   292 | D        | Reached XP level 3. HP: 21/21 MP: 9/12
   292 | D        | Reached XP level 4. HP: 26/26 MP: 9/13
   327 | D        | Learned a level 3 spell: Frozen Ramparts
   331 | D        | Learned a level 3 spell: Ozocubu's Armour
   336 | D        | Learned a level 4 spell: Hailstorm
   359 | D        | Reached skill level 6 in Spellcasting
   359 | D        | Reached skill level 1 in Conjurations
   359 | D        | Reached XP level 5. HP: 30/30 MP: 8/15
   363 | D        | Reached *** piety under Sif Muna
   459 | D        | Noticed a necrophage
   475 | D        | Killed a necrophage
   476 | D        | Reached skill level 7 in Spellcasting
   476 | D        | Reached skill level 5 in Invocations
   621 | D        | Reached XP level 6. HP: 33/33 MP: 9/18
   635 | D        | Reached **** piety under Sif Muna
   833 | D        | HP: 1/35 [gnoll sergeant/+5 trident of venom (12)]
   835 | D        | Reached skill level 8 in Spellcasting
   873 | D        | Noticed a polar bear
   882 | D        | Killed a polar bear
   883 | D        | Reached skill level 9 in Spellcasting
   883 | D        | Reached skill level 5 in Conjurations
   883 | D        | Reached XP level 7. HP: 33/40 MP: 14/21
  1117 | D        | Reached ***** piety under Sif Muna
  1118 | D        | Identified Sif Muna's Early Guide to Witchery (Sif Muna
                  | gifted it to you in the Dungeon)
  1118 | D        | Received a gift from Sif Muna
  1125 | D        | Learned a level 4 spell: Sticky Flame
  1126 | D        | Noticed a deep elf mage
  1126 | D        | Noticed a lindwurm
  1136 | D        | Killed a deep elf mage
  1137 | D        | Reached skill level 10 in Spellcasting
  1137 | D        | Reached XP level 8. HP: 38/46 MP: 14/24
  1138 | D        | Killed a lindwurm
  1299 | D        | Noticed Terence
  1318 | D        | Noticed a smoke demon
  1326 | D        | Killed a smoke demon
  1327 | D        | Reached skill level 10 in Dodging
  1327 | D        | Reached skill level 11 in Spellcasting
  1327 | D        | Reached skill level 10 in Ice Magic
  1335 | D        | Reached skill level 5 in Staves
  1335 | D        | Reached XP level 9. HP: 23/52 MP: 9/26
  1512 | D        | Noticed an eidolon
  1512 | D        | Noticed Joseph
  1518 | D        | Identified Sif Muna's Guide on Arcane Weapons (Sif Muna
                  | gifted it to you in the Dungeon)
  1518 | D        | Received a gift from Sif Muna
  1519 | D        | Killed Joseph
  1520 | D        | Reached skill level 5 in Fire Magic
  1528 | D        | HP: 2/78 [eidolon/bolt of negative energy (18)]
  1535 | D        | Killed from afar by an eidolon

Illustrated notes

Levels and vault maps discovered:
D:        pitsprint [storerooms_1, entrance_room_1, metal_vault_1, armoury_1,
          mini_pit_1, grid_room_1, main_hall_1, silver_pit, the_coven_3,
          the_vestibule_1, steel_vault_4, golden_pit, hallway_of_sentries,
          crystal_vault_1, iron_vault_3, final_vault]

Skill      XL: |  1  2  3  4  5  6  7  8  9 |
---------------+----------------------------+-----
Dodging        | 3 5 6 8 9 10 | 10.5
Stealth        | 3 5 6 7 |  7.1
Spellcasting   | 4 5 6 7 9 10 11 | 11.4
Ice Magic      | 5 6 7 8 9 10 | 10.3
Invocations    | 1 3 5 6 8 9 |  9.1
Fighting       | 2 3 4 |  4.4
Staves         | 2 3 5 |  5.5
Conjurations   | 1 4 5 7 8 |  8.4
Fire Magic     | 2 4 5 |  5.0

Action                   |  1- 3 |  4- 6 |  7- 9 || total
-------------------------+-------+-------+-------++-------
Melee: Quarterstaff      |    14 |    27 |    25 ||    66
 Cast: Freeze            |     7 |     5 |     5 ||    17
       Frozen Ramparts   |       |     7 |     6 ||    13
       Ozocubu's Armour  |       |     5 |     5 ||    10
       Hailstorm         |       |       |     4 ||     4
       Sticky Flame      |       |       |     2 ||     2
  Use: Potion            |       |     4 |     4 ||     8
 Stab: Sleeping          |       |     1 |       ||     1
Armor: Robe              |     2 |     7 |     8 ||    17
       Leather armour    |       |       |    10 ||    10
Dodge: Dodged            |    10 |    28 |    75 ||   113

Table legend: (Time is in decaauts)
 A = Elapsed time spent in this place.
 B = Non-inter-level travel time spent in this place.
 C = Inter-level travel time spent in this place.
 D = Time resting spent in this place.
 E = Time spent auto-exploring this place.
 F = Levels seen in this place.
 G = Mean time per level.
                   A        B        C        D        E       F      G
               +--------+--------+--------+--------+--------+-----+--------+
         Total |   1554 |   1554 |      0 |    994 |      0 |   1 | 1554.0 |
       Dungeon |   1554 |   1554 |      0 |    994 |      0 |   1 | 1554.0 |
               +--------+--------+--------+--------+--------+-----+--------+

Top non-repeatable levels by time:
       D: 1554 daAuts
